 Dungeon Crawl Stone Soup version 0.14-a0-181-gf6fe0c6 (webtiles) character file.

112 PolkaDot the Insei (level 3, 0/26 HPs)
             Began as a Demonspawn Transmuter on Oct 6, 2013.
             Slain by an adder (4 damage)
             ... on Level 2 of the Dungeon.
             The game lasted 00:03:36 (1240 turns).

PolkaDot the Insei (Demonspawn Transmuter)          Turns: 1240, Time: 00:03:37

HP   0/26        AC  2     Str 10      XL: 3   Next: 44%
MP   4/4         EV 12     Int 14      God:
Gold 66          SH  0     Dex 14      Spells:  1 memorised,  5 levels left

Res.Fire  : . . .   See Invis. : +     - Unarmed
Res.Cold  : . . .   Warding    : .   c - +0 robe
Life Prot.: . . .   Conserve   : .   (no shield)
Res.Poison: .       Res.Corr.  : .   (helmet restricted)
Res.Elec. : .       Clarity    : .   (no cloak)
Sust.Abil.: . .     Spirit.Shd : .   (no gloves)
Res.Mut.  : .       Stasis     : .   (no boots)
Res.Rott. : .       Flight     : .   (no amulet)
Saprovore : . . .                    (no ring)
                                     j - ring of protection from magic {unknown}

@: mildly poisoned, somewhat resistant to hostile enchantments, fairly stealthy
A: antennae 1, see invisible, nightstalker 1
a: no special abilities


You were on level 2 of the Dungeon.
You were not hungry.

You visited 1 branch of the dungeon, and saw 2 of its levels.

You collected 46 gold pieces.

Inventory:

Missiles
 b - 12 arrows
Armour
 c - a +0 robe (worn)
Comestibles
 a - 2 bread rations
 h - 2 meat rations
 i - a chunk of rat flesh
 l - a slice of pizza
 n - a pear
Scrolls
 e - a scroll of enchant weapon I {unknown}
 f - a scroll of curse weapon {unknown}
 g - 3 scrolls of identify {unknown}
 k - 2 scrolls of recharging {unknown}
 p - 2 scrolls of enchant armour {unknown}
 r - a scroll of amnesia {unknown}
 t - a scroll of fear {unknown}
Jewellery
 j - a ring of protection from magic (left hand) {unknown}
Books
 d - a book of Changes

   Spells                             Type                      Level
   *Beastly Appendage                 Transmutation                1
   Sticks to Snakes                   Transmutation                2
   Spider Form                        Transmutation/Poison         3
   Ice Form                           Ice/Transmutation            4
   Blade Hands                        Transmutation                5


   Skills:
 + Level 2.0 Fighting
 - Level 1.7 Dodging
 * Level 3.7 Unarmed Combat
 - Level 2.0 Spellcasting
 - Level 1.7 Transmutations


You had 5 spell levels left.
You knew the following spells:

 Your Spells              Type           Power        Failure   Level  Hunger
a - Beastly Appendage     Trmt           #.....       14%         1    ##.....


Dungeon Overview and Level Annotations

Branches:
Dungeon (2/27)

Altars:


Innate Abilities, Weirdness & Mutations

You have a pair of small antennae on your head.
You are slightly more attuned to the shadows.
You have supernaturally acute eyesight.


Message History

The adder is lightly wounded.
The adder bites you.
You are more poisoned.
The adder poisons you! The adder bites you.
* * * LOW HITPOINT WARNING * * *
You are more poisoned.
The adder poisons you!
Drink which item? (? for menu, Esc to quit)
You feel refreshed.
It was a potion of restore abilities.
* * * LOW HITPOINT WARNING * * *
You feel sick.
You feel a little better. The adder closely misses you.
You hit the adder.
The adder is heavily wounded.
The adder closely misses you.
You closely miss the adder. You punch the adder.
The adder is severely wounded.
The adder bites you.
You die...

#####.# #.# ###...#
#.# .#....# #.#
.#....#####.#
.#....#...#.####
#####.#...#....#####
#................. #
#....###....#####....
... # #....#
#.....@S...... ... #
#....# #.####...#...#
#.. # #....# #..
....... #.. # ##.#.#
#.# ...###### #..
#.#.# #.##...# #.. ##
#.#.## . #...# #..
.####....##. ....#
#########..
.##.......... ...
...........
.........##.
#########..


You could see an adder.

Vanquished Creatures
  An adder (D:2)
  A giant mite (D:1)
  An ooze (D:2)
  A bat (D:1)
  2 giant cockroaches
  2 hobgoblins (D:1)
  4 jackals (D:1)
  2 kobolds (D:2)
  A quokka (D:2)
  A giant gecko (D:1)
  2 giant newts
  5 goblins (D:1)
  5 rats
28 creatures vanquished.

Notes
Turn   | Place    | Note
--------------------------------------------------------------
     0 | D:1      | PolkaDot, the Demonspawn Transmuter, began the quest for the Orb.
     0 | D:1      | Reached XP level 1. HP: 15/15 MP: 1/1
    97 | D:1      | Reached skill level 3 in Unarmed Combat
    97 | D:1      | Gained mutation: You have a pair of small antennae on your head. [demonic ancestry]
    97 | D:1      | Reached XP level 2. HP: 14/21 MP: 3/3
   260 | D:1      | HP: 1/21 [goblin/orcish club (4)]
   766 | D:2      | Gained mutation: You are slightly more attuned to the shadows. [demonic ancestry]
   766 | D:2      | Reached XP level 3. HP: 21/26 MP: 4/4
   889 | D:2      | Gained mutation: You have supernaturally acute eyesight. [potion of beneficial mutation]
  1240 | D:2      | Slain by an adder

Action                   || total
-------------------------++-------
Melee: Unarmed           ||   139
  Use: Potion            ||     8
 Stab: Sleeping          ||     1
